 Dungeon Crawl Stone Soup version 0.32-a0-900-g30fb1b0edc (webtiles) character file.

Game seed: 18028017034505763175

2531 Fodor the Spear-Bearer (level 9, -1/79 HPs)
             Began as a Minotaur Fighter on Apr 5, 2024.
             Was an Initiate of Gozag.
             Slain by an unseen horror (2 damage)
             ... on level 7 of the Dungeon.
             The game lasted 00:18:24 (6615 turns).

Fodor the Spear-Bearer (Minotaur Fighter)           Turns: 6615, Time: 00:18:25

Health: -1/79      AC: 12    Str: 25    XL:     9   Next: 29%
Magic:  8/8        EV: 10    Int:  5    God:    Gozag
Gold:   880        SH:  0    Dex: 10    Spells: 8/8 levels left

rFire   . . .        w - +1 scythe (flame)
rCold   . . .        (shield currently unavailable)
rNeg    . . .        l - +4 scale mail
rPois   .            (helmet currently unavailable)
rElec   .            (cloak currently unavailable)
rCorr   .            (gloves currently unavailable)
SInv    .            (boots currently unavailable)
Will    .....        (no amulet) Stlth
                     (no ring)
HPRegen 0.33/turn    (no ring)
MPRegen 0.11/turn

%: no passive effects
@: beast-form
A: beast (slay +0), horns 2, retaliatory headbutt
a: Begin Untransformation, Renounce Religion, Potion Petition, Call Merchant,
Bribe Branch


You were on level 7 of the Dungeon.
You worshipped Gozag.
Gozag was pleased with you.
You were a hulking beast.
You visited 1 branch of the dungeon, and saw 7 of its levels.

You collected 943 gold pieces.
You paid 63 gold pieces to Gozag.

Inventory:

Hand Weapons
 p - a +0 orcbow
 t - a +0 broad axe
 w - a +1 scythe of flaming (weapon)
Armour
 c - a +0 buckler
 l - a +4 scale mail (worn)
 v - a +0 chain mail
Jewellery
 a - a ring of magical power
Talismans
 C - a beast talisman (active)
 E - a serpent talisman
Wands
 r - a wand of flame (20)
 s - a wand of mindburst (3)
Scrolls
 b - 3 scrolls of teleportation
 e - a scroll of enchant weapon {unknown}
 h - 2 scrolls of enchant armour {unknown}
 i - a scroll of amnesia {unknown}
 j - 2 scrolls of fear
 n - 2 scrolls of noise
 o - 2 scrolls of blinking
 q - 2 scrolls of fog
 u - 2 scrolls of vulnerability
 y - 3 scrolls of revelation
 B - a scroll of acquirement {unknown}
Potions
 d - a potion of might
 f - 3 potions of attraction {unknown}
 g - a potion of magic
 k - a potion of enlightenment
 m - 2 potions of mutation
 x - a potion of curing
 z - a potion of berserk rage {unknown}
 A - a potion of heal wounds {unknown}
 D - a potion of resistance {unknown}
 F - a potion of degeneration {unknown}


   Skills:
 + Level 7.0 Fighting
 + Level 5.6(7.6) Axes
 + Level 8.0(8.8) Polearms
 + Level 5.6 Ranged Weapons
 + Level 7.4 Armour
 + Level 2.5 Dodging
 + Level 0.6 Stealth
 + Level 4.2 Shields


You had 8 spell levels left.
You didn't know any spells.
Your spell library contained the following spells:

 Spells                   Type           Power      Damage    Failure   Level
 Ensorcelled Hibernation  Hex/Ice        0%         N/A       86%         2
 Confusing Touch          Hex            0%         N/A       98%         3
 Hailstorm                Conj/Ice       0%         3d5       98%         3
 Passwall                 Erth           0%         N/A       98%         3
 Summon Ice Beast         Ice/Summ       0%         N/A       98%         3
 Swiftness                Air            0%         N/A       98%         3
 Volatile Blastmotes      Fire/Tloc      0%         2d10      98%         3
 Passage of Golubria      Tloc           0%         N/A       100%        4
 Vhi's Electric Charge    Tloc/Air       0%         N/A       100%        4
 Bombard                  Conj/Erth      0%         9d1       100%        6
 Permafrost Eruption      Ice/Erth       0%         2x4d1     100%        6
 Sculpt Simulacrum        Ice/Alch       0%         N/A       100%        6


Dungeon Overview and Level Annotations

Branches:
Dungeon (7/15)             Temple (0/1) D:5

Altars:
Cheibriados
Dithmenos
Gozag
Kikubaaqudgha
Nemelex Xobeh
Qazlal
Trog
Uskayaw
Vehumet
Yredelemnul

Shops:
D:4 *   D:6 (   D:7 *


Innate Abilities, Weirdness & Mutations

You are a hulking beast.
Your limbs bulge with bestial killing power. (Slay +0)
You have a pair of horns on your head.
You reflexively headbutt those who attack you in melee.


Message History

Something hits you but does no damage. Something hits you but does no damage.
Something hits you but does no damage.
You slash something! You burn something. Something hits you but does no damage.
Something hits you.
* * * LOW HITPOINT WARNING * * *
Something hits you but does no damage. Something hits you but does no damage.
Something completely misses you. Something hits you.
* * * LOW HITPOINT WARNING * * *
Something hits you but does no damage. Something hits you but does no damage.
You closely miss something.
Something hits you but does no damage. x2
Something hits you.
* * * LOW HITPOINT WARNING * * *
Something hits you but does no damage. Something hits you but does no damage.
Found 11 gold pieces.
Something hits you.
* * * LOW HITPOINT WARNING * * *
You closely miss something. Something hits you but does no damage.
Something hits you.
* * * LOW HITPOINT WARNING * * *
Something hits you but does no damage.
You miss something. Something hits you.
* * * LOW HITPOINT WARNING * * *
Something hits you but does no damage. Something hits you.
* * * LOW HITPOINT WARNING * * *
You closely miss something. Something hits you.
* * * LOW HITPOINT WARNING * * *
Something hits you but does no damage.
You hit something but do no damage. Your headbutt misses something.
Something hits you but does no damage.
You miss something. You headbutt something.
Something hits you but does no damage. Something hits you.
* * * LOW HITPOINT WARNING * * *
Something hits you.
You die...
Your body crumbles into a pile of gold.

$. .. ##.##.#..# .
.........#
#.#####.........
..###.#............#
...................# #.
#.#.#..##.##.# .#..
#.#.#..##.##.# .....
#h#.......)).#
......#.#....##.##.### #.
.....................# .
.##...##.#..........### #
...... #.##.........# #
...... #..<......#### #
.........##..#..).#.#
##.............#..#....#.#
......... #.......#......#


There were no monsters in sight!

Vanquished Creatures
  Sigmund (D:2)
  A wyvern (D:7)
  Menkaure (D:7)
  The ghost of Oneirical the Grasshopper, an amateur FeWr (D:3)
  2 ice beasts
  An ogre (D:4)
  A sky beast (D:6)
  3 black bears
  A centaur (D:5)
  A phantom (D:5)
  A kobold brigand (D:3)
  A bullfrog (D:7)
  A gnoll sergeant (D:4)
  2 scorpions
  3 wights (D:6)
  2 electric eels (D:6)
  2 bombardier beetles
  5 orc priests
  3 hounds
  3 iguanas
  2 orc wizards (D:4)
  Robin (D:3)
  6 adders
  9 gnolls
  A white imp (D:5)
  A ribbon worm (D:3)
  3 dart slugs
  17 orcs
  8 ball pythons
  6 endoplasms
  5 giant cockroaches
  8 hobgoblins
  3 jackals (D:3)
  4 quokkas
  2 bats (D:3)
  A frilled lizard (D:1)
  8 goblins
  7 kobolds
  6 rats
134 creatures vanquished.

Vanquished Creatures (others)
  An adder (D:6)
1 creature vanquished.

Grand Total: 135 creatures vanquished

Notes
Turn   | Place    | Note
-------+----------+-------------------------------------------
     0 | D:1      | Fodor the Minotaur Fighter began the quest for the Orb.
     0 | D:1      | Reached XP level 1. HP: 19/19 MP: 0/0
   251 | D:1      | Reached XP level 2. HP: 27/27 MP: 1/1
   823 | D:2      | Identified the +2 robe "Naub Yno" {rElec rCorr Archmagi}
   836 | D:2      | Reached XP level 3. HP: 30/33 MP: 2/2
   924 | D:2      | Found a snail-covered altar of Cheibriados.
  1135 | D:2      | Noticed Sigmund
  1151 | D:2      | Killed Sigmund
  1152 | D:2      | Reached skill level 5 in Axes
  1152 | D:2      | Reached XP level 4. HP: 15/41 MP: 3/3
  1152 | D:2      | Reached XP level 5. HP: 18/47 MP: 4/4
  1717 | D:3      | Got the Compilation of Ill Luck and the Blink Frog
  1845 | D:3      | Noticed Robin
  1853 | D:3      | Killed Robin
  1854 | D:3      | Reached skill level 1 in Polearms
  1991 | D:3      | Found a faded altar of an unknown god.
  2197 | D:3      | Found a runed translucent gate.
  2197 | D:3      | Found a runed translucent gate.
  2197 | D:3      | Found a runed translucent gate.
  2197 | D:3      | Found an opulent altar of Gozag.
  2199 | D:3      | Noticed Oneirical's ghost (amateur FeWr)
  2484 | D:3      | Reached skill level 2 in Polearms
  2484 | D:3      | Reached XP level 6. HP: 39/53 MP: 5/5
  2511 | D:3      | Killed Oneirical's ghost
  2512 | D:3      | Reached skill level 3 in Polearms
  2512 | D:3      | Reached skill level 5 in Armour
  2512 | D:3      | Reached skill level 1 in Dodging
  2659 | D:3      | Became a worshipper of Gozag Ym Sagoz the Greedy
  3033 | D:4      | Reached skill level 4 in Polearms
  3033 | D:4      | Reached XP level 7. HP: 36/60 MP: 6/6
  3071 | D:4      | Found Wtoczup's Whimsical Warehouse.
  3303 | D:4      | Reached skill level 5 in Polearms
  3431 | D:4      | Reached skill level 5 in Fighting
  4017 | D:5      | Entered Level 5 of the Dungeon
  4071 | D:5      | Reached skill level 6 in Polearms
  4071 | D:5      | Reached XP level 8. HP: 70/70 MP: 7/7
  4246 | D:5      | Found a staircase to the Ecumenical Temple.
  4591 | D:5      | Reached skill level 1 in Ranged Weapons
  4694 | D:5      | Found an opulent altar of Gozag.
  4888 | D:5      | Reached skill level 7 in Polearms
  5810 | D:6      | Found Hiryp's Weapon Emporium.
  5908 | D:6      | Reached XP level 9. HP: 75/78 MP: 8/8
  6360 | D:7      | Found a radiant altar of Vehumet.
  6362 | D:7      | Found a shadowy altar of Dithmenos.
  6363 | D:7      | Found a sparkling altar of Nemelex Xobeh.
  6368 | D:7      | Found an ancient bone altar of Kikubaaqudgha.
  6371 | D:7      | Found a basalt altar of Yredelemnul.
  6377 | D:7      | Found a stormy altar of Qazlal.
  6378 | D:7      | Found a hide-covered altar of Uskayaw.
  6379 | D:7      | Found a bloodstained altar of Trog.
  6397 | D:7      | Found Uhoicoet's Lightly-Used Armoury.
  6412 | D:7      | Reached skill level 5 in Ranged Weapons
  6419 | D:7      | Noticed Menkaure
  6423 | D:7      | Killed Menkaure
  6505 | D:7      | Reached skill level 8 in Polearms
  6612 | D:7      | HP: 2/79 [something (4)]
  6615 | D:7      | Slain by an unseen horror

Illustrated notes

Levels and vault maps discovered:
D:1:      minmay_arrival_four_houses, layout_basic
D:2:      layout_basic, basic_altar, uniq_sigmund
D:3:      layout_loops_ring, ebering_ecumenical_altar_sacrificial,
          ebering_ghost_gozag, uniq_robin
D:4:      layout_basic, chequers_serial_rivers_small_3, nicolae_alphabet_shops,
          corexii_corridor_pit, nicolae_grassy_gnolls
D:5:      layout_basic, mainiacjoe_overflow_brackets,
          minmay_temple_entry_statues_pillars
D:6:      layout_cave_pools, serial_shops, shop, chequers_big_river,
          dreamdust_princess_bridge
D:7:      layout_basic, nicolae_overflow_hallway_of_the_gods,
          minmay_shop_damaged, uniq_menkaure

Skill      XL: |  1  2  3  4  5  6  7  8  9 |
---------------+----------------------------+-----
Armour         | 4 5 7 |  7.4
Axes           | 3 5 |  5.6
Fighting       | 4 5 6 7 |  7.0
Shields        | 4 |  4.2
Polearms       | 2 4 6 7 8 |  8.0
Dodging        | 1 2 |  2.5
Ranged Weapons | 4 5 |  5.6
Stealth        | |  0.6

Action                     |  1- 3 |  4- 6 |  7- 9 || total
---------------------------+-------+-------+-------++-------
  Melee: War axe           |    57 |       |       ||    57
         Headbutt          |     9 |     9 |    23 ||    41
         Halberd           |       |    95 |   163 ||   258
   Fire: Orcbow            |       |       |    81 ||    81
    Use: Scroll            |       |     3 |     8 ||    11
         Potion            |       |       |     5 ||     5
 Armour: Scale mail        |    36 |    81 |   230 ||   347
  Dodge: Dodged            |    16 |    46 |    84 ||   146
  Block: Buckler           |    13 |       |       ||    13
   Form: Beast             |       |       |     1 ||     1

Table legend: (Time is in decaauts)
 A = Elapsed time spent in this place.
 B = Non-inter-level travel time spent in this place.
 C = Inter-level travel time spent in this place.
 D = Time resting spent in this place.
 E = Time spent auto-exploring this place.
 F = Levels seen in this place.
 G = Mean time per level.
                   A        B        C        D        E       F      G
               +--------+--------+--------+--------+--------+-----+--------+
         Total |   6727 |   6630 |     97 |    734 |   4193 |   7 |  961.0 |
       Dungeon |   6727 |   6630 |     97 |    734 |   4193 |   7 |  961.0 |
               +--------+--------+--------+--------+--------+-----+--------+

Top non-repeatable levels by time:
     D:3: 1419 daAuts
     D:6: 1190 daAuts
     D:5: 1173 daAuts
     D:4: 1030 daAuts
     D:2: 818 daAuts
     D:1: 810 daAuts
     D:7: 284 daAuts
